 Dungeon Crawl Stone Soup version 0.29-a0-380-gf50f0a9fbc (webtiles) character file.

Game seed: 17151378593583875198

54 freelancePsychic the Sneak (level 3, -5/18 HPs)
             Began as a Spriggan Wanderer on May 5, 2022.
             Splashed by a jelly's acid (10 damage)
             ... on level 3 of the Dungeon.
             The game lasted 00:06:07 (2028 turns).

freelancePsychic the Sneak (Spriggan Wanderer)      Turns: 2028, Time: 00:06:08

Health: -5/18      AC: -2    Str: 10    XL:     3   Next: 66%
Magic:  4/4        EV: 16    Int: 10    God:
Gold:   44         SH:  0    Dex: 17    Spells: 2/2 levels left

rFire   . . .      SeeInvis +   b - +0 hunting sling
rCold   . . .      Faith    .   (no shield)
rNeg    . . .      Spirit   .   h - +0 robe
rPois   .          Reflect  .   (helmet restricted)
rElec   .          Harm     .   (no cloak)
rCorr   .          Rampage  .   (gloves unavailable)
Will    .....                   (boots unavailable)
Stlth   +++.......              (no amulet)
HPRegen 0.06/turn               (no ring)
MPRegen 0.09/turn               (no ring)

@: corroded, very quick
A: very small, no large weapons, unfitting armour, see invisible, speed 3
a: no special abilities


You were on level 3 of the Dungeon.
You visited 1 branch of the dungeon, and saw 3 of its levels.

You collected 92 gold pieces.
You spent 48 gold pieces at shops.

Inventory:

Hand Weapons
 a - a +0 dagger
 b - a +0 hunting sling (weapon)
Missiles
 c - a datura-tipped dart
 d - an atropa-tipped dart
 e - 11 poisoned darts
Armour
 h - a +0 robe (worn)
Jewellery
 j - a ring of ice
Scrolls
 f - 4 scrolls of identify {unknown}
 l - a scroll of enchant armour {unknown}
 m - 2 scrolls of enchant weapon {unknown}
 n - a scroll of magic mapping {unknown}
Potions
 g - a potion of haste {@q3}
 i - a potion of cancellation {unknown}
 k - a potion of attraction {unknown}


   Skills:
 + Level 1.6 Fighting
 * Level 3.9(4.2) Slings
 - Level 2.0(2.9) Throwing
 - Level 1.4 Dodging
 + Level 6.4 Stealth


You had 2 spell levels left.
You didn't know any spells.
Your spell library contained the following spells:

 Spells                   Type           Power      Damage    Failure   Level
 Summon Small Mammal      Summ           0%         N/A       36%         1
 Call Canine Familiar     Summ           0%         N/A       75%         3
 Summon Guardian Golem    Hex/Summ       0%         N/A       75%         3


Dungeon Overview and Level Annotations

Branches:
Dungeon (3/15)

Altars:
Makhleb

Shops:
D:2 [(?*

Annotations:
D:2 Sigmund


Innate Abilities, Weirdness & Mutations

You are very small and have problems with some larger weapons.
You are too small for most types of armour.
You have supernaturally acute eyesight. (SInv)
You cover ground extremely quickly. (Speed+++)


Message History

There is an open door here.
There is an entrance to Nomufayx's Assorted Antiques here.
There is a stone staircase leading down here.
There is an open door, spattered with blood here.
You see here a jackal skeleton.
You shoot a sling bullet.
The sling bullet completely misses the goblin.
The goblin shouts!
You shoot a sling bullet. The sling bullet hits the goblin.
You kill the goblin!
No target in view!
No target in view!
Found a scroll labelled VETEBE TILU.
m - 2 scrolls labelled RIFIUBR LEGOGE (gained 1)
Things that are here:
a +0 club; a goblin corpse
f - 4 scrolls labelled VETEBE TILU (gained 1) Done exploring.
Done exploring.
(D) Dungeon
Where to? (Enter - D:1 @ (x,y), ? - help)
There is an open door, spattered with blood here.
There is a stone staircase leading down here.
You climb downwards.
There is a stone staircase leading up here.
Found an escape hatch in the ceiling.
A jelly comes into view.
The jelly quivers.
The jelly moves out of view.
You shoot a sling bullet. The sling bullet hits the jelly.
The jelly is moderately wounded.
You shoot a sling bullet. The sling bullet hits the jelly!
The jelly is severely wounded.
The jelly hits you. The acid corrodes you!
You are splashed with acid!
You are too injured to fight recklessly!
The jelly hits you.
* * * LOW HITPOINT WARNING * * *
You are splashed with acid!
Ouch! That really hurt!
You die...

### #.. #..
#
#..####.####
#..#.J......
#..#@##.####
#..#.##.#
#.......#
####.####
###...#
#<..##.#
#.###.#.#
#.#.....#
#.#.#.###


You could see a jelly.

Vanquished Creatures
  2 dart slugs (D:2)
  5 ball pythons
  4 endoplasms
  3 giant cockroaches (D:2)
  8 goblins (D:2)
  4 hobgoblins
  3 jackals (D:2)
  3 kobolds
  A quokka (D:2)
  3 bats
  A frilled lizard (D:2)
  7 rats
44 creatures vanquished.

Notes
Turn   | Place    | Note
-------+----------+-------------------------------------------
     0 | D:1      | freelancePsychic the Spriggan Wanderer began the quest for
                  | the Orb.
     0 | D:1      | freelancePsychic set off with the following items: a +0
                  | dagger, an atropa-tipped dart, a datura-tipped dart, a +0
                  | hunting sling, 11 poisoned darts, a +0 dagger, a potion of
                  | haste {@q3}, a +0 robe
     0 | D:1      | Reached XP level 1. HP: 10/10 MP: 2/2
   129 | D:1      | Reached skill level 6 in Stealth
   166 | D:1      | Reached XP level 2. HP: 11/14 MP: 3/3
   449 | D:1      | Found a faded altar of an unknown god.
   884 | D:2      | Found Huniur's Magic Scroll Emporium.
   959 | D:2      | Reached XP level 3. HP: 14/18 MP: 4/4
  1165 | D:2      | Identified the +1 leather armour of the Tick {rF+ Str+4}
  1175 | D:2      | Found a burning altar of Makhleb.
  1340 | D:2      | Noticed Sigmund
  1358 | D:2      | Found Nomufayx's Assorted Antiques.
  1364 | D:2      | Bought a scroll labelled HOIMEOJEPNU for 24 gold pieces
  1364 | D:2      | Bought a scroll labelled RIFIUBR LEGOGE for 24 gold pieces
  1551 | D:2      | Found Ryter's Weapon Emporium.
  1606 | D:2      | Found Turanwe's Antique Armour Emporium.
  2028 | D:3      | Splashed by a jelly's acid

Illustrated notes

Levels and vault maps discovered:
D:1:      dreamdust_arrival_sigmund_warning, layout_basic,
          hellmonk_ecumenical_altar_lost_god, grunt_decor_cap, solitary_fountain
D:2:      layout_loops_cross, basic_altar, serial_shops, shop,
          nicolae_shop_bloodbath_and_beyond, nicolae_shop_hallway_stairs,
          nicolae_shop_advertising_works [nicolae_subvault_shop_adworks],
          skrybe_limestone_x, uniq_sigmund
D:3:      layout_loops_cross, dreamdust_divine_triumvirate,
          grunt_decor_resistance, minmay_shallow_snake_nest

Skill      XL: |  1  2 |
---------------+-------+-----
Stealth        | 6 |  6.4
Slings         | 3 |  3.9
Fighting       | |  1.6
Throwing       | |  2.0
Dodging        | |  1.4

Action                   || total
-------------------------++-------
 Fire: Hunting sling     ||   128
Armor: Robe              ||     7
Dodge: Dodged            ||    30

Table legend: (Time is in decaauts)
 A = Elapsed time spent in this place.
 B = Non-inter-level travel time spent in this place.
 C = Inter-level travel time spent in this place.
 D = Time resting spent in this place.
 E = Time spent auto-exploring this place.
 F = Levels seen in this place.
 G = Mean time per level.
                   A        B        C        D        E       F      G
               +--------+--------+--------+--------+--------+-----+--------+
         Total |   1524 |   1438 |     86 |     11 |   1122 |   3 |  508.0 |
       Dungeon |   1524 |   1438 |     86 |     11 |   1122 |   3 |  508.0 |
               +--------+--------+--------+--------+--------+-----+--------+

Top non-repeatable levels by time:
     D:2: 775 daAuts
     D:1: 719 daAuts
     D:3: 29 daAuts
